 Dungeon Crawl Stone Soup version 0.23-a0-612-gcb482e9 (webtiles) character file.

59 Borgoz the Skirmisher (level 4, -1/39 (40) HPs)
             Began as a Ghoul Abyssal Knight on Dec 22, 2018.
             Was a Follower of Lugonu.
             Slain by a leopard gecko (5 damage)
             ... on level 2 of the Dungeon.
             The game lasted 00:02:15 (1209 turns).

Borgoz the Skirmisher (Ghoul Abyssal Knight)        Turns: 1209, Time: 00:02:15

HP:   -1/39 (40)    AC:  3    Str: 15    XL:     4   Next: 3%
MP:   4/4           EV: 11    Int:  7    God:    Lugonu [*.....]
Gold: 88            SH:  0    Dex:  9    Spells: 3/3 levels left

rFire    . . .     SeeInvis .   a - +1 hand axe
rCold    + . .     Gourm    .   (no shield)
rNeg     + + +     Faith    .   b - +0 leather armour
rPois    ∞         Spirit   .   (no helmet)
rElec    .         Reflect  .   (no cloak)
rCorr    .         Harm     .   (no gloves)
MR       .....                  (no boots)
Stlth    +.........             (no amulet)
HPRegen  0.00/turn              (no ring)
MPRegen  0.09/turn              (no ring)

@: rotting
A: rotting body, claws 1, carnivore, cold resistance 1, negative energy
resistance 3, inhibited regeneration, torment resistance, unbreathing
a: Depart the Abyss, Renounce Religion


You were on level 2 of the Dungeon.
You worshipped Lugonu.
Lugonu was aware of your devotion.
You were not hungry.

You visited 1 branch of the dungeon, and saw 2 of its levels.
You visited the Abyss 1 time.

You collected 88 gold pieces.

Inventory:

Hand Weapons
 a - a +1 hand axe (weapon)
Armour
 b - a +0 leather armour (worn)
Scrolls
 d - a scroll of fear {unknown}
 e - a scroll of teleportation {unknown}
 h - a scroll of immolation {unknown}
 k - a scroll of amnesia {unknown}
 l - a scroll of enchant armour {unknown}
Potions
 j - a potion of berserk rage {unknown}
 m - a potion of heal wounds {unknown}
Comestibles
 c - a ration
 f - 4 chunks of flesh


   Skills:
 + Level 3.7 Fighting
 + Level 2.3 Axes
 + Level 2.2 Armour
 + Level 1.6 Dodging
 + Level 2.6 Invocations


You had 3 spell levels left.
You didn't know any spells.
Your spell library was empty.

Dungeon Overview and Level Annotations

Branches:
Dungeon (2/15)

Altars:
Xom


Innate Abilities, Weirdness & Mutations

Your body is rotting away.
You thrive on raw meat.
You are immune to poison.
You have sharp fingernails.
You are carnivorous and can eat meat at any time.
Your flesh is cold resistant. (rC+)
You are immune to negative energy. (rN+++)
You do not regenerate when monsters are visible.
You are immune to unholy pain and torment.
You can survive without breathing.


Message History

The bat hits you.
* * * LOW HITPOINT WARNING * * *
The bat hits you but does no damage. The bat hits you but does no damage.
Found a scroll labeled ZEGUNNYREYTT.
You closely miss the bat. The bat closely misses you.
The bat hits you but does no damage.
A leopard gecko comes into view.
The leopard gecko hisses angrily.
The bat hits you but does no damage.
You closely miss the bat.
You feel your flesh rotting away. The bat hits you but does no damage.
The bat completely misses you.
You closely miss the bat. The bat closely misses you.
You barely miss the bat. The bat closely misses you.
The bat hits you but does no damage.
You hit the leopard gecko but do no damage.
The bat hits you but does no damage. The leopard gecko bites you.
You die...

#
.........+.......+
.#...#####.......#
#... #.......# #...
#.....$.# #..
#####[......#
..........†.###...
...................
.............$.....
........@..........
........lb.........
...................
.......#####.......
....... .......
....... ......
....... .? .......


You could see a leopard gecko and a bat.

Vanquished Creatures
  An adder (D:2)
  A dart slug (D:1)
  A leopard gecko (D:1)
  3 giant cockroaches (D:1)
  3 goblins
  5 hobgoblins (D:1)
  7 jackals (D:2)
  5 kobolds (D:1)
  A quokka (D:2)
  2 ball pythons (D:1)
  6 bats
  A frilled lizard (D:2)
  5 rats
41 creatures vanquished.

Notes
Turn   | Place    | Note
-------+----------+-------------------------------------------
     0 | Abyss:1  | Borgoz the Ghoul Abyssal Knight began the quest for the
                  | Orb.
     0 | Abyss:1  | Reached XP level 1. HP: 19/19 MP: 1/1
     2 | Abyss:1  | Found a corrupted altar of Lugonu.
    42 | Abyss:1  | Noticed a small abomination
    47 | D:1      | Escaped the Abyss
    62 | D:1      | Reached skill level 1 in Dodging
   307 | D:1      | Reached XP level 2. HP: 15/26 MP: 2/2
   529 | D:1      | Reached * piety under Lugonu
   742 | D:1      | Reached XP level 3. HP: 31/31 MP: 3/3
  1061 | D:2      | Found a shimmering altar of Xom.
  1193 | D:2      | Reached XP level 4. HP: 8/40 MP: 4/4
  1209 | D:2      | Slain by a leopard gecko

Vault maps used:
D:1:      tarquinn_simple_flora_water_e, serial_bayou_pond_a,
          ebering_dispersal_statue_hall
D:2:      nicolae_overflow_crystal_walls

Skill      XL: |  1  2 |
---------------+-------+-----
Dodging        | 1 |  1.6
Axes           | 2 |  2.3
Armour         | 2 |  2.2
Fighting       | |  3.7
Invocations    | |  2.6

Action                   |  1- 3 |  4- 6 || total
-------------------------+-------+-------++-------
Melee: Hand axe          |   126 |    10 ||   136
Invok: Depart the Abyss  |     1 |       ||     1
  Use: Potion            |     2 |       ||     2
  Eat: Chunk             |    10 |       ||    10
Armor: Leather armour    |    55 |    14 ||    69
Dodge: Dodged            |   141 |    15 ||   156

Table legend:
 A = Non-vault XP
 B = Vault XP
 C = Vault XP percentage of total XP
 D = Non-vault monster count
 E = Vault monster count
 F = Vault count percentage of total count
                 A         B        C        D         E       F
            +---------+---------+-------+---------+---------+-------
      Total |      85 |       0 |   0.0 |      41 |       0 |   0.0
            +---------+---------+-------+---------+---------+-------
        D:1 |      49 |       0 |   0.0 |      27 |       0 |   0.0
        D:2 |      36 |       0 |   0.0 |      14 |       0 |   0.0
            +---------+---------+-------+---------+---------+-------
